 Dungeon Crawl Stone Soup version 0.20-a0-210-gd6c29eb (webtiles) character file.

0 deepsabbath the Firebug (level 1, -1/10 HPs)
             Began as a Deep Elf Fire Elementalist on Nov 26, 2016.
             Slain by a goblin
             ... wielding a +0 dagger
              (3 damage)
             ... on level 1 of the Dungeon.
             The game lasted 00:00:13 (97 turns).

deepsabbath the Firebug (Deep Elf Fire Elementalist)  Turns: 97, Time: 00:00:14

Health: -1/10      AC:  2    Str:  5    XL:     1   Next: 8%
Magic:  6/6        EV: 13    Int: 19    God:
Gold:   0          SH:  0    Dex: 15    Spells: 5/6 levels left

rFire  . . .     SeeInvis .     (no weapon)
rCold  . . .     Gourm    .     a - +0 robe
rNeg   . . .     Faith    .     (no shield)
rPois  .         Spirit   .     (no helmet)
rElec  .         Reflect  .     (no cloak)
rCorr  .         Harm     .     (no gloves)
MR     .....                    (no boots)
Stlth  ++........               (no amulet)
                                (no ring)
                                (no ring)

@: no status effects
A: no striking features
a: no special abilities


You were on level 1 of the Dungeon.
You were not hungry.

You visited 1 branch of the dungeon, and saw 1 of its levels.

Inventory:

Armour
 a - a +0 robe (worn)
Books
 b - a book of Flames
Comestibles
 c - a bread ration {@e1}


   Skills:
 + Level 2.4 Dodging
 + Level 2.4 Stealth
 + Level 3.0 Spellcasting
 + Level 1.2 Conjurations
 + Level 3.2 Fire Magic


You had 5 spell levels left.
You knew the following spells:

 Your Spells              Type           Power        Failure   Level  Hunger
a - Flame Tongue          Conj/Fire      ##...        8%          1    None


Dungeon Overview and Level Annotations

Branches:
Dungeon (1/15)

Altars:


Message History

Welcome, deepsabbath the Deep Elf Fire Elementalist.
It is said that the Orb of Zot exists deep within this dungeon.
Found a staircase leading out of the dungeon.
You enter the shallow water.
Moving in this stuff is going to be slow.
Found an escape hatch in the floor.
You enter the shallow water.
Moving in this stuff is going to be slow.
A goblin comes into view. It is wielding a dagger.
A rat comes into view.
The goblin shouts!
A rat comes into view.
You see here a scroll labeled PECOUL TIUPE.
There are no items here.
The rat bites you.
You take 3 damage, and have 7/10 hp.
MASSIVE DAMAGE!!
The rat bites you.
You take 3 damage, and have 4/10 hp.
MASSIVE DAMAGE!!
You hit the rat. The rat closely misses you.
You closely miss the rat. The rat closely misses you.
You hit the rat. The rat barely misses you.
You closely miss the rat. The rat misses you.
You hit the rat but do no damage. The rat bites you.
* * * LOW HITPOINT WARNING * * *
You take 2 damage, and have 2/10 hp.
You closely miss the rat. The rat closely misses you.
You hit the rat but do no damage. The rat bites you.
* * * LOW HITPOINT WARNING * * *
You take 1 damage, and have 1/10 hp.
You closely miss the rat. The rat closely misses you.
You hit the rat. The rat barely misses you.
You hit the rat.
You kill the rat!
You barely miss the goblin. The goblin misses you.
You hit the goblin. The goblin hits you but does no damage.
You hit the goblin but do no damage. The goblin hits you with a dagger.
You die...

♣♣≈♣♣♣♣♣♣♣.♣♣..#
♣♣≈≈≈≈≈≈≈♣♣...#
♣♣♣♣8♣♣♣♣..#.#
r..♣♣♣....##.#
.......g.....#
####...######
##?##
#...######.#
#....g@....#
#...########
#####


You could see a goblin.

Vanquished Creatures
  A rat (D:1)
1 creature vanquished.

Notes
Turn   | Place    | Note
-------+----------+-------------------------------------------
     0 | D:1      | deepsabbath the Deep Elf Fire Elementalist began the quest for the Orb.
     0 | D:1      | Reached XP level 1. HP: 10/10 MP: 6/6
    89 | D:1      | HP: 2/10 [rat (2)]
    97 | D:1      | Slain by a goblin

Vault maps used:
D:1:      nagdon_arrival_double_spiral, minmay_split_cup_large

Action                   || total
-------------------------++-------
Melee: Unarmed           ||    13
Dodge: Dodged            ||     8

Vault maps used:
D:1:      nagdon_arrival_double_spiral, minmay_split_cup_large

Table legend:
 A = Turns spent in this place as a percentage of turns spent in the entire game.
 B = Non-inter-level travel turns spent in this place as a percentage of non-inter-level travel turns spent in the entire game.
 C = Inter-level travel turns spent in this place as a percentage of turns spent in this place.
 D = Turns resting spent in this place as a percentage of non-inter-level travel turns spent in this place.
 E = Turns spent auto-exploring this place as a percentage of non-inter-level travel turns spent in this place.
 F = Non-inter-level travel turns spent in this place divided by the number of levels of this place that you've seen.
                   A       B       C       D       E      F
               +-------+-------+-------+-------+-------+----------------------
         Total | 100.0 | 100.0 |   0.0 |   0.0 |   5.6 |  36.0
       Dungeon | 100.0 | 100.0 |   0.0 |   0.0 |   5.6 |  36.0
               +-------+-------+-------+-------+-------+----------------------

Table legend:
 A = Kills in this place as a percentage of kills in entire the game.
 B = Kills by you in this place as a percentage of kills by you in the entire game.
 C = Kills by friends in this place as a percentage of kills by friends in the entire game.
 D = Other kills in this place as a percentage of other kills in the entire game.
 E = Experience gained in this place as a percentage of experience gained in the entire game.
 F = Experience gained in this place divided by the number of levels of this place that you have seen.
                   A       B       C       D       E      F
               +-------+-------+-------+-------+-------+----------------------
         Total | 100.0 | 100.0 |  -nan |  -nan | 100.0 |   1.0
       Dungeon | 100.0 | 100.0 |  -nan |  -nan | 100.0 |   1.0
               +-------+-------+-------+-------+-------+----------------------
